 Dungeon Crawl Stone Soup version 0.30.1-4-g462c640d31 (webtiles) character file.

Game seed: 1992912553474868380

520 anacleto the Grasshopper (level 7, -1/35 HPs)
             Began as a Spriggan Warper on Aug 19, 2023.
             Was a Follower of Sif Muna.
             Slain by a gnoll sergeant
             ... wielding a +0 spear
              (4 damage)
             ... on level 5 of the Dungeon.
             The game lasted 00:21:19 (4635 turns).

anacleto the Grasshopper (Spriggan Warper)          Turns: 4635, Time: 00:21:20

Health: -1/35      AC:  6    Str:  6    XL:     7   Next: 1%
Magic:  14/14      EV: 17    Int: 20    God:    Sif Muna [*.....]
Gold:   57         SH:  0    Dex: 10    Spells: 0/14 levels left

rFire   . . .        a - +4 dagger (speed)
rCold   . . .        (no shield)
rNeg    . . .        b - +0 robe
rPois   .            h - +0 hat
rElec   .            (no cloak)
rCorr   .            (gloves unavailable)
SInv    +            (boots unavailable)
Will    +....        (no amulet)
Stlth   +            c - +4 ring of protection
HPRegen 0.25/turn    (no ring)
MPRegen 0.14/turn

%: no passive effects
@: very quick
A: very small, no large weapons, unfitting armour, see invisible, speed 3,
clever 1, clumsy 2
a: Renounce Religion, Channel Magic


You were on level 5 of the Dungeon.
You worshipped Sif Muna.
Sif Muna was aware of your devotion.
You visited 2 branches of the dungeon, and saw 7 of its levels.

You collected 135 gold pieces.
You spent 78 gold pieces at shops.

Inventory:

Hand Weapons
 a - a +4 dagger of speed (weapon)
Missiles
 e - 37 stones
 f - 5 boomerangs
 k - a poisoned dart (quivered)
Armour
 b - a +0 robe (worn)
 h - a +0 hat (worn)
Jewellery
 c - a +4 ring of protection (left hand)
 o - a ring of ice
Scrolls
 d - a scroll of teleportation {unknown}
 g - a scroll of acquirement {unknown}
 l - a scroll of silence {unknown}
 m - a scroll of fog
 n - 3 scrolls of amnesia {unknown}
 q - 2 scrolls of identify {unknown}
 s - a scroll of vulnerability {unknown}
 t - a scroll of noise {unknown}
 u - a scroll of immolation {unknown}
Potions
 i - a potion of ambrosia
 j - a potion of brilliance
 p - a potion of resistance
 r - a potion of mutation


   Skills:
 + Level 2.8 Fighting
 + Level 3.9 Short Blades
 + Level 3.0 Throwing
 + Level 5.0 Dodging
 + Level 4.4 Spellcasting
 + Level 6.2 Translocations


You couldn't memorise any spells.
You knew the following spells:

 Your Spells              Type           Power      Damage    Failure   Level
a - Blink                 Tloc           58%        N/A       1%          2
b - Lesser Beckoning      Tloc           58%        N/A       1%          2
c - Teleport Other        Tloc           29%        N/A       2%          3
d - Vhi's Electric Charg  Tloc/Air       34%        N/A       10%         3
e - Manifold Assault      Tloc           29%        N/A       10%         4

Your spell library contained the following spells:

 Spells                   Type           Power      Damage    Failure   Level
 Shock                    Conj/Air       16%        1d4       12%         1
 Dazzling Flash           Conj/Hex       8%         N/A       36%         3
 Summon Forest            Summ/Tloc      8%         N/A       67%         5
 Flame Wave               Conj/Fire      4%         2d5       77%         4
 Orb of Destruction       Conj           2%         9d5       100%        7


Dungeon Overview and Level Annotations

Branches:
Dungeon (6/15)             Temple (1/1) D:4

Altars:
Cheibriados
Kikubaaqudgha
Makhleb
Okawaru
Qazlal
Sif Muna
Trog
Uskayaw
Vehumet
Wu Jian
Yredelemnul

Shops:
D:3 *   D:5 [

Annotations:
D:2 1 runed translucent door, Crazy Yiuf
D:4 Edmund, Menkaure


Innate Abilities, Weirdness & Mutations

You are very small and have problems with some larger weapons.
You are too small for most types of armour.
You have supernaturally acute eyesight. (SInv)
You cover ground extremely quickly. (Speed+++)
Your mind is acute. (Int +4, Str/Dex -1)
You are very clumsy. (Dex -4)


Message History

You hit the gnoll sergeant but do no damage.
The gnoll sergeant is moderately wounded.
The gnoll sergeant hits you with a +0 spear.
You barely miss the gnoll sergeant.
The gnoll sergeant is moderately wounded.
You hit the gnoll sergeant.
The gnoll sergeant is moderately wounded.
The gnoll sergeant zaps a wand.
The roots erupt in riotous growth!
The grasping roots grab you!
The gnoll sergeant is unaffected.
The grasping roots constrict you!
You hear a shout!
You barely miss the gnoll sergeant.
The gnoll sergeant is heavily wounded.
You completely miss the gnoll sergeant.
The gnoll sergeant is heavily wounded.
The gnoll sergeant hits you with a +0 spear.
The grasping roots constrict you.
You hit the gnoll sergeant but do no damage.
You punch the gnoll sergeant, but do no damage.
The gnoll sergeant is heavily wounded.
You hit the gnoll sergeant.
The gnoll sergeant is severely wounded.
The gnoll sergeant hits you with a +0 spear!
The grasping roots constrict you.
* * * LOW HITPOINT WARNING * * *
You barely miss the gnoll sergeant.
The gnoll sergeant is severely wounded.
The gnoll sergeant looks more healthy.
The gnoll sergeant hits you with a +0 spear.
* * * LOW HITPOINT WARNING * * *
The grasping roots constrict you.
* * * LOW HITPOINT WARNING * * *
The gnoll misses you.
The grasping roots release their grip on you.
You hit the gnoll sergeant.
The gnoll sergeant is severely wounded.
You hit the gnoll sergeant.
The gnoll sergeant is almost dead.
The gnoll sergeant hits you with a +0 spear.
You die...

#..###... #####f..####.
#..#..<..###............
.... #....S...........
#.... #...#............
...#####.###.#....###.
...#((.# #........
#.#g### #.#.....## #...#
#.#.....# #g@.#
#.##.#..# ###.#.# #..
....# ##########..∩..#
####......#...#.###
.)....>.#.#.#...#
####.#......#####
#.####)### #.# #.#
#......#


You could see a gnoll sergeant and a gnoll.

Vanquished Creatures
  An orc priest (Temple)
  A hound (D:5)
  A sleepcap (D:5)
  2 orc wizards
  Ijyb (D:4)
  Natasha (thrice) (D:1)
  13 gnolls
  8 adders
  A shadow imp (D:5)
  2 worms
  A dart slug (D:2)
  5 orcs
  4 ball pythons
  9 endoplasms
  2 giant cockroaches
  6 goblins
  3 hobgoblins
  6 jackals
  9 kobolds
  2 quokkas
  4 bats
  A frilled lizard (D:1)
  4 rats
89 creatures vanquished.

Notes
Turn   | Place    | Note
-------+----------+-------------------------------------------
     0 | D:1      | anacleto the Spriggan Warper began the quest for the Orb.
     0 | D:1      | Reached XP level 1. HP: 10/10 MP: 5/5
   196 | D:1      | Reached XP level 2. HP: 15/15 MP: 6/6
   311 | D:1      | Learned a level 2 spell: Blink
   950 | D:2      | Noticed Natasha
  1007 | D:1      | Reached XP level 3. HP: 12/18 MP: 8/8
  1052 | D:1      | Learned a level 2 spell: Lesser Beckoning
  1056 | D:1      | Learned a level 3 spell: Teleport Other
  1066 | D:1      | Killed Natasha
  1067 | D:1      | Reached skill level 5 in Translocations
  1138 | D:2      | Found a basalt altar of Yredelemnul.
  1383 | D:2      | Reached XP level 4. HP: 23/23 MP: 9/9
  1552 | D:1      | Noticed Natasha
  1565 | D:1      | HP: 1/23 [Natasha/magic dart (4)]
  1568 | D:1      | Killed Natasha
  1587 | D:1      | Noticed Natasha
  1605 | D:1      | Gained mutation: You are clumsy. (Dex -2) [potion of
                  | mutation]
  1605 | D:1      | Gained mutation: You are very clumsy. (Dex -4) [potion of
                  | mutation]
  1605 | D:1      | Gained mutation: Your mind is acute. (Int +4, Str/Dex -1)
                  | [potion of mutation]
  1607 | D:1      | Killed Natasha
  1608 | D:1      | Reached XP level 5. HP: 9/26 MP: 11/11
  1699 | D:1      | Learned a level 3 spell: Vhi's Electric Charge
  2252 | D:2      | Found a runed translucent door.
  2253 | D:2      | Noticed Crazy Yiuf
  2408 | D:3      | Found a faded altar of an unknown god.
  2662 | D:3      | Found Fabumuso's Assorted Antiques.
  2686 | D:3      | Bought a scroll labelled ESTINI PUNUMAHO for 26 gold pieces
  2686 | D:3      | Bought a scroll labelled YKAERI PEKU for 26 gold pieces
  2686 | D:3      | Bought a scroll labelled QEMONT VIDE for 26 gold pieces
  3053 | D:4      | Found a snail-covered altar of Cheibriados.
  3197 | D:4      | Found a staircase to the Ecumenical Temple.
  3266 | Temple   | Entered the Ecumenical Temple
  3523 | Temple   | Became a worshipper of Sif Muna the Loreminder
  3566 | Temple   | Reached XP level 6. HP: 27/32 MP: 11/13
  3846 | D:4      | Noticed Ijyb
  4014 | D:4      | Killed Ijyb
  4141 | Temple   | Reached skill level 6 in Translocations
  4249 | D:4      | Noticed Menkaure
  4252 | D:4      | Noticed Edmund
  4275 | D:5      | Entered Level 5 of the Dungeon
  4319 | D:5      | Found Esame's Armour Shoppe.
  4430 | D:5      | Reached * piety under Sif Muna
  4506 | D:5      | Reached skill level 5 in Dodging
  4506 | D:5      | Reached XP level 7. HP: 14/35 MP: 14/14
  4597 | D:5      | Learned a level 4 spell: Manifold Assault
  4606 | D:5      | Got Voistras's Vellum of Combined Energy
  4635 | D:5      | Slain by a gnoll sergeant

Illustrated notes

Levels and vault maps discovered:
D:1:      matt_arrival_grand_opening, layout_basic
D:2:      minmay_recursive_quarters, layout_basic, basic_altar,
          uniq_crazy_yiuf_cottage, uniq_natasha
D:3:      layout_loops_ring, basic_ecumenical_altar, serial_shops, shop
D:4:      layout_loops_cross, cheibrodos_worm_habitat,
          minmay_temple_entry_statues_pillars, uniq_edmund, uniq_menkaure,
          uniq_ijyb
D:5:      layout_loops_cross, tso_altar, nicolae_overflow_two_pavilions,
          nicolae_ru_the_path_less_chosen, serial_shops, nicolae_shop_crystal,
          minmay_misc_feat_tiny, nicolae_concentric_dashed_squares_mild
D:6:      layout_basic, mainiacjoe_overflow_six_doors_small,
          overflow_temple_1_default
Temple:   bh_familiar_temple

Skill      XL: |  1  2  3  4  5  6 |
---------------+-------------------+-----
Spellcasting   | 3 4 |  4.4
Fighting       | 2 |  2.8
Translocations | 5 6 |  6.2
Short Blades   | 3 |  3.9
Dodging        | 4 5 |  5.0
Throwing       | 2 3 |  3.0

Action                     |  1- 3 |  4- 6 |  7- 9 || total
---------------------------+-------+-------+-------++-------
  Melee: Short sword       |    70 |       |       ||    70
         Dagger            |    42 |   343 |    12 ||   397
         Punch             |     2 |     6 |     1 ||     9
  Throw: Boomerang         |     2 |    20 |       ||    22
         Dart              |     3 |    63 |     2 ||    68
         Stone             |       |    19 |     1 ||    20
         Throwing net      |       |     3 |       ||     3
   Cast: Lesser Beckoning  |     2 |       |       ||     2
         Blink             |     1 |     2 |       ||     3
    Use: Scroll            |     1 |     3 |       ||     4
         Potion            |       |     4 |       ||     4
 Armour: Robe              |    11 |    36 |       ||    47
  Dodge: Dodged            |    74 |   166 |     2 ||   242
